 Dungeon Crawl Stone Soup version 0.32-a0-928-g1cae6b7ea0 (webtiles) character file.

Game seed: 12044269859913929996

30 horus123 the Magician (level 3, -1/23 (24) HPs)
             Began as a Human Hedge Wizard on Apr 13, 2024.
             Killed by nerve-wracking pain
             ... invoked by Jessica
              (6 damage)
             ... on level 2 of the Dungeon.
             The game lasted 00:02:37 (1028 turns).

horus123 the Magician (Human Hedge Wizard)          Turns: 1028, Time: 00:02:38

HP:   -1/23 (24)    AC:  3    Str: 10    XL:     3   Next: 18%
MP:   3/7           EV: 11    Int: 16    God:
Gold: 76            SH:  0    Dex: 12    Spells: 7/8 levels left

rFire   . . .        h - +2 dagger (vamp)
rCold   . . .        (no shield)
rNeg    . . .        b - +0 robe
rPois   .            c - +0 hat
rElec   .            i - +0 cloak
rCorr   .            (no gloves)
SInv    .            (no boots)
Will    .....        (no amulet)
Stlth   ++           (no ring)
HPRegen 0.23/turn    (no ring)
MPRegen 0.10/turn

%: no passive effects
@: lightly drained
A: explore regen
a: no special abilities


You were on level 2 of the Dungeon.
You visited 1 branch of the dungeon, and saw 2 of its levels.

You collected 76 gold pieces.

Inventory:

Hand Weapons
 g - a +0 short sword
 h - a +2 vampiric dagger (weapon)
Armour
 b - a +0 robe (worn)
 c - a +0 hat (worn)
 i - a +0 cloak (worn)
Scrolls
 a - a scroll of vulnerability {unknown}
 k - 2 scrolls of identify {unknown}
Potions
 d - a potion of magic
 e - 2 potions of curing
 f - a potion of heal wounds {unknown}
 j - 2 potions of mutation {unknown}


   Skills:
 - Level 2.0 Dodging
 - Level 2.0 Stealth
 - Level 3.0 Spellcasting
 + Level 3.0 Conjurations
 - Level 1.0 Summonings
 - Level 1.0 Translocations


You had 7 spell levels left.
You knew the following spells:

 Your Spells              Type           Power      Damage    Failure   Level
a - Magic Dart            Conj           48%        1d5       5%          1

Your spell library contained the following spells:

 Spells                   Type           Power      Damage    Failure   Level
 Slow                     Hex            8%         N/A       19%         1
 Blink                    Tloc           10%        N/A       19%         2
 Call Imp                 Summ           10%        N/A       19%         2
 Cigotuvi's Dreadful Rot  Necr/Alch/Air  4%         N/A       28%         2
 Mephitic Cloud           Conj/Alch/Air  5%         N/A       36%         3
 Volatile Blastmotes      Fire/Tloc      8%         2d10      41%         3
 Passwall                 Erth           2%         N/A       50%         3
 Vhi's Electric Charge    Tloc/Air       8%         N/A       83%         4
 Bombard                  Conj/Erth      3%         9d1       100%        6


Dungeon Overview and Level Annotations

Branches:
Dungeon (2/15)

Altars:

Annotations:
D:2 Jessica


Innate Abilities, Weirdness & Mutations

You regain HP and MP as you explore.


Message History

You kill the hobgoblin!
The ball python hisses angrily.
Your Conjurations skill increases to level 3!
A ball python is nearby!
The magic dart hits the ball python.
The ball python is severely wounded.
The magic dart hits the ball python.
You kill the ball python!
Magic restored.
You now have 76 gold pieces (gained 9).
There is a stone staircase leading up here.
A goblin comes into view. It is wielding a +0 club.
The goblin shouts!
The goblin unwields a +0 club.
The goblin wields a +0 sling.
The goblin shoots a sling bullet.
The sling bullet completely misses you.
The magic dart hits the goblin.
You kill the goblin!
You can't see any susceptible monsters within range! (Use Z to cast anyway.)
You can't see any susceptible monsters within range! (Use Z to cast anyway.) Jessica the Apprentice Sorceress comes into view.
She is wielding a +0 dagger and wearing a +2 robe of willpower.
The magic dart hits Jessica but does no damage.
Jessica shouts!
The magic dart hits Jessica.
Jessica is moderately wounded.
The magic dart hits Jessica but does no damage.
Jessica is moderately wounded.
Jessica points at you and mumbles some strange words.
Pain shoots through your body!
The magic dart hits Jessica but does no damage.
Jessica is lightly wounded.
You hit Jessica.
Jessica is moderately wounded.
Jessica casts a spell at you. Pain shoots through your body!
* * * LOW HITPOINT WARNING * * *
You hit Jessica.
Jessica is heavily wounded.
Jessica gestures at you while chanting. Pain shoots through your body!
You die...

# .# .#. .# #
....#########.##.#
...>........†.....
........<#....##
....##.....@@$#
............!.....)
# ########.########
#.# #.# #.. ...
...#


You could see Jessica.

Vanquished Creatures
  2 dart slugs (D:1)
  4 endoplasms (D:1)
  3 goblins
  2 hobgoblins
  A ball python (D:2)
  3 bats (D:1)
  2 frilled lizards (D:1)
  6 kobolds (D:1)
  A rat (D:1)
24 creatures vanquished.

Notes
Turn   | Place    | Note
-------+----------+-------------------------------------------
     0 | D:1      | horus123 the Human Hedge Wizard began the quest for the
                  | Orb.
     0 | D:1      | Reached XP level 1. HP: 13/13 MP: 4/4
   197 | D:1      | Reached XP level 2. HP: 3/19 MP: 0/6
   442 | D:1      | You fall into a shaft and drop 1 floor!
   666 | D:1      | Reached XP level 3. HP: 22/22 MP: 1/7
  1022 | D:2      | Noticed Jessica
  1028 | D:2      | Killed from afar by Jessica

Illustrated notes

Levels and vault maps discovered:
D:1:      mainiacjoe_arrival_oval_in_oval, layout_rooms,
          nicolae_twisty_statue_hallways
D:2:      layout_basic, serial_shops, shop, uniq_crazy_yiuf_cottage,
          uniq_jessica

Skill      XL: |  1  2  3 |
---------------+----------+-----
Conjurations   | 2 3 |  3.0
Dodging        | |  2.0
Stealth        | |  2.0
Spellcasting   | |  3.0
Summonings     | |  1.0
Translocations | |  1.0

Action                     || total
---------------------------++-------
  Melee: Dagger            ||    28
         Short sword       ||     8
   Cast: Magic Dart        ||    53
    Use: Potion            ||     2
 Armour: Robe              ||    25
  Dodge: Dodged            ||    34

Table legend: (Time is in decaauts)
 A = Elapsed time spent in this place.
 B = Non-inter-level travel time spent in this place.
 C = Inter-level travel time spent in this place.
 D = Time resting spent in this place.
 E = Time spent auto-exploring this place.
 F = Levels seen in this place.
 G = Mean time per level.
                   A        B        C        D        E       F      G
               +--------+--------+--------+--------+--------+-----+--------+
         Total |   1027 |   1022 |      5 |     55 |    752 |   2 |  513.5 |
       Dungeon |   1027 |   1022 |      5 |     55 |    752 |   2 |  513.5 |
               +--------+--------+--------+--------+--------+-----+--------+

Top non-repeatable levels by time:
     D:1: 934 daAuts
     D:2: 92 daAuts
